 Dungeon Sprint DCSS version 0.22-a0-362-g535178c5c5 (webtiles) character file.

40812 KillingSpree the Spear-Bearer (level 14, -22/121 HPs)
             Began as a Gnoll Berserker on Apr 20, 2018.
             Was the Champion of Trog.
             Hit by a large rock thrown by a stone giant (34 damage)
             ... in the Dungeon (Sprint IX: "|||||||||||||||||||||||||||||").
             The game lasted 00:09:23 (4593 turns).

KillingSpree the Spear-Bearer (Gnoll Berserker)     Turns: 4593, Time: 00:09:23

Health: -22/121    AC: 23    Str: 20    XL:     14   Next: 12%
Magic:  31/31      EV: 19    Int:  9    God:    Trog [******]
Gold:   314        SH:  0    Dex: 26    Spells: 40/40 levels left

rFire    . . .     SeeInvis .   n - +4 quarterstaff (speed)
rCold    + . .     Gourm    .   (shield currently unavailable)
rNeg     . . .     Faith    .   I - +1 plate armour {rC+}
rPois    +         Spirit   .   (no helmet)
rElec    +         Reflect  .   w - +0 cloak
rCorr    +         Harm     .   H - +1 pair of gloves
MR       .....     NoTele   +   o - +0 pair of boots
Stlth    ++........             (no amulet)
HPRegen  0.30/turn              A - ring "Tiupn" {rCorr rElec rPois MR- Dex+6}
MPRegen  0.22/turn              r - +2 ring of evasion

@: berserk cooldown, slowed, very slow
A: distributed training, fangs 1, strong nose
a: Berserk, Trog's Hand, Brothers in Arms, Renounce Religion


You were in the Dungeon.
You worshipped Trog.
Trog was exalted by your worship.
You were not hungry.

You visited 1 branch You collected 1925 gold pieces.
You spent 1611 gold pieces at shops.

Inventory:

Hand Weapons
 m - a +2 antimagic quarterstaff
 n - a +4 quarterstaff of speed (weapon)
 u - a +5 longbow of flaming
 v - a +5 triple crossbow of freezing
Missiles
 j - 13 javelins of returning (quivered)
Armour
 o - a +0 pair of boots (worn)
 p - a +2 ring mail
 w - a +0 cloak (worn)
 y - a +1 chain mail of cold resistance
 E - a +2 plate armour of poison resistance
 H - a +1 pair of gloves (worn)
 I - a +1 plate armour of cold resistance (worn)
Jewellery
 q - a +3 ring of strength
 r - a +2 ring of evasion (right hand)
 z - an uncursed ring of fire
 A - the ring "Tiupn" (left hand) {rCorr rElec rPois MR- Dex+6}
   (You bought it in a shop in the Dungeon)

   [ring of resist corrosion]

   It affects your dexterity (+6).
   It insulates you from electricity.
   It protects you from poison.
   It affects your resistance to hostile enchantments.
 F - an uncursed ring of protection from cold
 G - an uncursed ring of protection from cold
Scrolls
 b - 2 scrolls of fear
 i - 4 scrolls of blinking
 l - 3 scrolls of remove curse
 s - 6 scrolls of enchant weapon
 t - 3 scrolls of identify
 C - a scroll of enchant armour {unknown}
 J - a scroll of fog
Potions
 a - 2 potions of might
 d - 7 potions of curing
 e - 5 potions of heal wounds
 f - 2 potions of haste
 g - 4 potions of magic
 h - 2 potions of berserk rage
 k - 2 potions of invisibility
 x - a potion of brilliance {unknown}
 B - a potion of flight {unknown}
 D - a potion of agility {unknown}
 K - a potion of resistance {unknown}
 L - a potion of cancellation {unknown}
Comestibles
 c - 7 rations


   Skills:
 + Level 14.9 Fighting
 + Level 13.7 Short Blades
 + Level 13.7 Long Blades
 + Level 13.7 Axes
 + Level 13.7 Maces & Flails
 + Level 14.9 Polearms
 + Level 13.7 Staves
 + Level 13.7 Slings
 + Level 13.7 Bows
 + Level 13.7 Crossbows
 + Level 13.7 Throwing
 + Level 14.3 Armour
 + Level 14.3 Dodging
 + Level 13.7 Stealth
 + Level 13.7 Shields
 + Level 13.7 Unarmed Combat
 + Level 13.7 Spellcasting
 + Level 11.8 Conjurations
 + Level 11.8 Hexes
 + Level 11.8 Charms
 + Level 11.8 Summonings
 + Level 11.8 Necromancy
 + Level 11.8 Translocations
 + Level 11.8 Transmutations
 + Level 11.8 Fire Magic
 + Level 11.8 Ice Magic
 + Level 11.8 Air Magic
 + Level 11.8 Earth Magic
 + Level 11.8 Poison Magic
 + Level 14.8 Invocations
 + Level 13.7 Evocations


You had 40 spell levels left.
You didn't know any spells.

Dungeon Overview and Level Annotations

Branches:
Dungeon (1/1)

Altars:
Cheibriados
Dithmenos
Elyvilon
Fedhas
Gozag
Hepliaklqana
Kikubaaqudgha
Makhleb
Nemelex Xobeh
Okawaru
Qazlal
Ru
Sif Muna
Trog
Uskayaw
Vehumet
Wu Jian
Xom
Yredelemnul
Zin
The Shining One
Beogh
Jiyva
Lugonu

Shops:
D (=**


Innate Abilities, Weirdness & Mutations

Your experience applies equally to all skills.
You have very sharp teeth.
Your uncanny sense of smell can sniff out nearby items.


Message History

The fire dragon is almost dead.
You barely miss the fire dragon. Your bite misses the fire dragon.
The fire dragon is almost dead.
You thump the fire dragon!
The fire dragon is almost dead.
You barely miss the fire dragon.
You feel the power of Trog in you as your rage grows.
You kill the fire dragon!
Trog accepts your kill. Something appears at your feet!
Trog grants you a weapon!
The stone giant throws a large rock.
The large rock hits you!!
* * * LOW HITPOINT WARNING * * *
You feel a strong urge to attack something.
You feel your anger nearly subside.
You are no longer berserk.
You are exhausted.
You feel yourself slow down.
The stone giant throws a large rock.
The large rock hits you!!
You die...

∆
▓.▓.▓)▓.▓.▓.▓)▓.▓.▓.
▓.▓.▓.▓.▓=▓.▓'▓.▓.▓.
▓.▓.▓.▓.▓.▓.▓.▓.▓.▓.
▓.▓.▓.▓.▓.▓.▓.▓.▓.▓.
▓.▓.▓.▓.▓.▓.▓.▓.▓.▓.
▓.▓.▓.▓.▓'▓.▓.▓.▓.▓.
▓.▓.▓.▓.▓.▓.▓.▓.▓.▓.
▓C▓.▓.▓.▓.▓.▓.▓.▓'▓.
▓C▓@▓.▓.▓.▓.▓.▓.▓.▓.
▓.▓.▓.▓.▓.▓.▓.▓.▓.▓.
▓.▓.▓.▓.▓.▓.▓.▓.▓.▓.
▓.▓.▓.▓.▓.▓.▓.▓.▓.▓.
▓.▓.▓.▓.▓.▓.▓.▓.▓.▓.
▓.▓(▓.▓.▓.▓.▓.▓.▓.▓.
▓QC)▓...▓...▓...▓...
▓▓▓▓▓▓▓▓▓▓▓▓▓▓▓▓▓▓▓▓


You could see a stone giant.

Vanquished Creatures
  Frances (D)
  Gastronok (D)
  Agnes (D)
  A fire giant (D)
  An emperor scorpion (D)
  A stone giant (D)
  Nessos (D)
  2 merfolk javelineers (D)
  Snorg (D)
  Erolcha (D)
  2 ogre magi (D)
  An ice dragon (D)
  A fire dragon (D)
  A rakshasa (D)
  3 hydras (D)
  An anaconda (D)
  2 centaur warriors (D)
  4 two-headed ogres (D)
  2 alligators (D)
  A shock serpent (D)
  Sonja (D)
  A naga ritualist (D)
  2 sea snakes (D)
  A swamp dragon (D)
  An orb spider (D)
  An orc sorcerer (D)
  2 cyclopes (D)
  3 naga magi (D)
  A guardian serpent (D)
  Psyche (D)
  2 spiny frogs (D)
  A demonic crawler (D)
  A yaktaur (D)
  A komodo dragon (D)
  2 jumping spiders (D)
  A merfolk (D)
  A tyrant leech (D)
  2 hornets (D)
  2 snapping turtles (D)
  5 polar bears (D)
  2 hippogriffs (D)
  A blink frog (D)
  A redback (D)
  A tarantella (D)
  2 water elementals (D)
  A basilisk (D)
  A yak (D)
  A vampire mosquito (D)
  An insubstantial wisp (D)
  A water moccasin (D)
  2 porcupines (D)
  4 orc warriors (D)
  An ice beast (D)
  4 black bears (D)
  2 ogres (D)
  A boggart (D)
  3 crocodiles (D)
  3 bullfrogs (D)
  A big kobold (D)
  2 scorpions (D)
  A killer bee (D)
  A crimson imp (D)
  4 orc priests (D)
  A hound (D)
  5 orc wizards (D)
  2 adder zombies (D)
  A dart slug (D)
  An adder simulacrum (D)
  5 orcs (D)
  A giant cockroach (D)
  A jackal (D)
  A ball python skeleton (D)
  A bat (D)
  A frilled lizard (D)
  A kobold (D)
  A leopard gecko zombie (D)
124 creatures vanquished.

Vanquished Creatures (collateral kills)
  A very ugly thing (D)
  A stone giant (D)
  2 anacondas (D)
  An ogre mage (D)
  A tengu warrior (D)
  An orc knight (D)
  A troll (D)
  7 orc warriors (D)
  5 ogres (D)
  A boggart (D)
  An orc priest (D)
  A jelly (D)
23 creatures vanquished.

Vanquished Creatures (others)
  An unseen horror (D)
1 creature vanquished.

Grand Total: 148 creatures vanquished

Notes
Turn   | Place    | Note
-------+----------+-------------------------------------------
     0 | D        | KillingSpree the Gnoll Berserker began the quest for the Orb.
     0 | D        | Reached XP level 1. HP: 23/23 MP: 1/1
    18 | D        | Reached ** piety under Trog
    18 | D        | Reached skill level 1 in Invocations
    26 | D        | Reached skill level 1 in Short Blades
    26 | D        | Reached skill level 1 in Long Blades
    26 | D        | Reached skill level 1 in Axes
    26 | D        | Reached skill level 1 in Maces & Flails
    26 | D        | Reached skill level 1 in Staves
    26 | D        | Reached skill level 1 in Slings
    26 | D        | Reached skill level 1 in Bows
    26 | D        | Reached skill level 1 in Crossbows
    26 | D        | Reached skill level 1 in Throwing
    26 | D        | Reached skill level 1 in Stealth
    26 | D        | Reached skill level 1 in Shields
    26 | D        | Reached skill level 1 in Unarmed Combat
    26 | D        | Reached skill level 1 in Spellcasting
    26 | D        | Reached skill level 1 in Evocations
    40 | D        | Noticed an ice beast
    40 | D        | Noticed a scorpion
    44 | D        | Reached skill level 1 in Conjurations
    44 | D        | Reached skill level 1 in Hexes
    44 | D        | Reached skill level 1 in Charms
    44 | D        | Reached skill level 1 in Summonings
    44 | D        | Reached skill level 1 in Necromancy
    44 | D        | Reached skill level 1 in Translocations
    44 | D        | Reached skill level 1 in Transmutations
    44 | D        | Reached skill level 1 in Fire Magic
    44 | D        | Reached skill level 1 in Ice Magic
    44 | D        | Reached skill level 1 in Air Magic
    44 | D        | Reached skill level 1 in Earth Magic
    44 | D        | Reached skill level 1 in Poison Magic
    44 | D        | Reached XP level 2. HP: 29/29 MP: 3/3
    48 | D        | Killed a scorpion
    48 | D        | Reached *** piety under Trog
    48 | D        | Reached skill level 5 in Armour
    48 | D        | Reached skill level 5 in Dodging
    48 | D        | Reached XP level 3. HP: 36/36 MP: 3/6
    48 | D        | Reached XP level 4. HP: 43/43 MP: 3/7
    58 | D        | Killed an ice beast
    58 | D        | Reached XP level 5. HP: 48/48 MP: 3/10
   108 | D        | Found a roughly hewn altar of Beogh.
   108 | D        | Found a snail-covered altar of Cheibriados.
   108 | D        | Found a shadowy altar of Dithmenos.
   108 | D        | Found a white marble altar of Elyvilon.
   108 | D        | Found a blossoming altar of Fedhas.
   108 | D        | Found an opulent altar of Gozag.
   109 | D        | Found a hazy altar of Hepliaklqana.
   110 | D        | Found a viscous altar of Jiyva.
   111 | D        | Found an ancient bone altar of Kikubaaqudgha.
   112 | D        | Found a corrupted altar of Lugonu.
   113 | D        | Found a burning altar of Makhleb.
   114 | D        | Found a sparkling altar of Nemelex Xobeh.
   115 | D        | Found an iron altar of Okawaru.
   116 | D        | Found a stormy altar of Qazlal.
   117 | D        | Found a sacrificial altar of Ru.
   118 | D        | Found a deep blue altar of Sif Muna.
   119 | D        | Found a bloodstained altar of Trog.
   120 | D        | Found a hide-covered altar of Uskayaw.
   121 | D        | Found a radiant altar of Vehumet.
   122 | D        | Found an ornate altar of the Wu Jian Council.
   123 | D        | Found a shimmering altar of Xom.
   124 | D        | Found a basalt altar of Yredelemnul.
   125 | D        | Found a glowing silver altar of Zin.
   126 | D        | Found a glowing golden altar of the Shining One.
   173 | D        | Noticed a big kobold
   175 | D        | Reached **** piety under Trog
   181 | D        | Killed a big kobold
   182 | D        | Reached XP level 6. HP: 56/56 MP: 10/12
   190 | D        | Reached ***** piety under Trog
   221 | D        | Noticed a cyclops
   221 | D        | Noticed an orc warrior
   221 | D        | Noticed a hippogriff
   221 | D        | Noticed a centaur warrior
   221 | D        | Noticed a cyclops
   229 | D        | Killed a cyclops
   229 | D        | Reached skill level 5 in Short Blades
   229 | D        | Reached skill level 5 in Long Blades
   229 | D        | Reached skill level 5 in Axes
   229 | D        | Reached skill level 5 in Maces & Flails
   229 | D        | Reached skill level 5 in Staves
   229 | D        | Reached skill level 5 in Slings
   229 | D        | Reached skill level 5 in Bows
   229 | D        | Reached skill level 5 in Crossbows
   229 | D        | Reached skill level 5 in Throwing
   229 | D        | Reached skill level 5 in Stealth
   229 | D        | Reached skill level 5 in Shields
   229 | D        | Reached skill level 5 in Unarmed Combat
   229 | D        | Reached skill level 5 in Spellcasting
   229 | D        | Reached skill level 5 in Invocations
   229 | D        | Reached skill level 5 in Evocations
   229 | D        | Reached XP level 7. HP: 63/63 MP: 12/15
   238 | D        | Killed a centaur warrior
   238 | D        | Reached skill level 5 in Conjurations
   238 | D        | Reached skill level 5 in Hexes
   238 | D        | Reached skill level 5 in Charms
   238 | D        | Reached skill level 5 in Summonings
   238 | D        | Reached skill level 5 in Necromancy
   238 | D        | Reached skill level 5 in Translocations
   238 | D        | Reached skill level 5 in Transmutations
   238 | D        | Reached skill level 5 in Fire Magic
   238 | D        | Reached skill level 5 in Ice Magic
   238 | D        | Reached skill level 5 in Air Magic
   238 | D        | Reached skill level 5 in Earth Magic
   238 | D        | Reached skill level 5 in Poison Magic
   238 | D        | Reached XP level 8. HP: 71/71 MP: 12/17
   243 | D        | Killed a hippogriff
   249 | D        | Killed a cyclops
   249 | D        | Reached XP level 9. HP: 78/78 MP: 13/19
   408 | D        | Noticed a komodo dragon
   409 | D        | Noticed a seven-headed hydra
   417 | D        | Reached skill level 10 in Fighting
   417 | D        | Reached skill level 10 in Polearms
   419 | D        | Received a gift from Trog
   420 | D        | Noticed a spiny frog
   427 | D        | Killed a komodo dragon
   432 | D        | Killed a seven-headed hydra
   432 | D        | Reached XP level 10. HP: 86/86 MP: 20/22
   434 | D        | Reached ****** piety under Trog
   439 | D        | Killed a spiny frog
   595 | D        | Received a gift from Trog
   618 | D        | Received a gift from Trog
   618 | D        | Reached skill level 10 in Armour
   618 | D        | Reached skill level 10 in Dodging
   699 | D        | Received a gift from Trog
   707 | D        | Reached skill level 10 in Invocations
   776 | D        | Noticed Erolcha
   796 | D        | Killed Erolcha
   796 | D        | Reached XP level 11. HP: 93/93 MP: 24/24
   831 | D        | Noticed Sonja
   842 | D        | Killed Sonja
   842 | D        | Received a gift from Trog
  1058 | D        | Received a gift from Trog
  1062 | D        | Received a gift from Trog
  1071 | D        | Received a gift from Trog
  1084 | D        | Received a gift from Trog
  1298 | D        | Noticed an orc sorcerer
  1310 | D        | Killed an orc sorcerer
  1310 | D        | Received a gift from Trog
  1320 | D        | Noticed an orc knight
  1327 | D        | Killed an orc knight
  1327 | D        | Reached skill level 10 in Short Blades
  1327 | D        | Reached skill level 10 in Long Blades
  1327 | D        | Reached skill level 10 in Axes
  1327 | D        | Reached skill level 10 in Maces & Flails
  1327 | D        | Reached skill level 10 in Staves
  1327 | D        | Reached skill level 10 in Slings
  1327 | D        | Reached skill level 10 in Bows
  1327 | D        | Reached skill level 10 in Crossbows
  1327 | D        | Reached skill level 10 in Throwing
  1327 | D        | Reached skill level 10 in Stealth
  1327 | D        | Reached skill level 10 in Shields
  1327 | D        | Reached skill level 10 in Unarmed Combat
  1327 | D        | Reached skill level 10 in Spellcasting
  1327 | D        | Reached skill level 10 in Evocations
  1332 | D        | Received a gift from Trog
  1412 | D        | Found Ykurghur's Assorted Antiques.
  1412 | D        | Noticed a two-headed ogre
  1412 | D        | Noticed an ogre mage
  1412 | D        | Noticed an ogre mage
  1412 | D        | Noticed a two-headed ogre
  1420 | D        | Killed a two-headed ogre
  1425 | D        | Killed an ogre mage
  1425 | D        | Received a gift from Trog
  1430 | D        | Killed an ogre mage
  1431 | D        | Found Luatiq's Assorted Antiques.
  1436 | D        | Killed a two-headed ogre
  1442 | D        | Received a gift from Trog
  1451 | D        | Found Biriasou's Jewellery Boutique.
  1454 | D        | Found Comisch's Antique Weapon Shop.
  1455 | D        | Noticed a two-headed ogre
  1468 | D        | Killed a two-headed ogre
  1486 | D        | Noticed a two-headed ogre
  1504 | D        | Killed a two-headed ogre
  1504 | D        | Reached XP level 12. HP: 68/103 MP: 26/26
  1535 | D        | Bought the ring "Tiupn" {rCorr rElec rPois MR- Dex+6} for 559 gold pieces
  1537 | D        | Bought a bubbling red potion for 26 gold pieces
  1537 | D        | Bought a scroll of blinking for 217 gold pieces
  1537 | D        | Bought a scroll labeled JIQEYT MOUPI for 29 gold pieces
  1537 | D        | Bought an emerald potion for 26 gold pieces
  1541 | D        | Bought a runed plate armour for 754 gold pieces
  1680 | D        | Noticed Gastronok
  1684 | D        | Noticed Psyche
  1705 | D        | Killed Gastronok
  1705 | D        | Received a gift from Trog
  1711 | D        | Killed Psyche
  1829 | D        | Noticed a centaur warrior
  1840 | D        | Killed a centaur warrior
  1842 | D        | Received a gift from Trog
  1846 | D        | Noticed a tengu warrior
  1847 | D        | Noticed an ogre mage
  1859 | D        | Killed a tengu warrior
  1860 | D        | Killed an ogre mage
  1860 | D        | Received a gift from Trog
  1862 | D        | Noticed a green very ugly thing
  1864 | D        | Killed a green very ugly thing
  1865 | D        | Received a gift from Trog
  1868 | D        | Noticed a stone giant
  1869 | D        | Noticed an ice dragon
  1870 | D        | Noticed a rakshasa
  1879 | D        | Killed a stone giant
  1922 | D        | Killed an ice dragon
  1922 | D        | Received a gift from Trog
  1995 | D        | Killed a rakshasa
  1995 | D        | Reached skill level 10 in Conjurations
  1995 | D        | Reached skill level 10 in Hexes
  1995 | D        | Reached skill level 10 in Charms
  1995 | D        | Reached skill level 10 in Summonings
  1995 | D        | Reached skill level 10 in Necromancy
  1995 | D        | Reached skill level 10 in Translocations
  1995 | D        | Reached skill level 10 in Transmutations
  1995 | D        | Reached skill level 10 in Fire Magic
  1995 | D        | Reached skill level 10 in Ice Magic
  1995 | D        | Reached skill level 10 in Air Magic
  1995 | D        | Reached skill level 10 in Earth Magic
  1995 | D        | Reached skill level 10 in Poison Magic
  2300 | D        | Noticed Snorg
  2317 | D        | Killed Snorg
  2628 | D        | Noticed Nessos
  2638 | D        | Noticed Agnes
  2642 | D        | Killed Agnes
  2643 | D        | Killed Nessos
  2643 | D        | Reached XP level 13. HP: 32/111 MP: 27/29
  3069 | D        | Received a gift from Trog
  3097 | D        | Received a gift from Trog
  3153 | D        | Received a gift from Trog
  3202 | D        | Received a gift from Trog
  3529 | D        | Noticed a merfolk javelineer
  3543 | D        | Received a gift from Trog
  3546 | D        | Noticed a merfolk javelineer
  3551 | D        | Received a gift from Trog
  3596 | D        | Killed a merfolk javelineer
  3596 | D        | Received a gift from Trog
  3596 | D        | Killed a merfolk javelineer
  3991 | D        | Noticed an emperor scorpion
  4021 | D        | Killed an emperor scorpion
  4024 | D        | Received a gift from Trog
  4295 | D        | Noticed Frances
  4329 | D        | Killed Frances
  4329 | D        | Reached XP level 14. HP: 35/121 MP: 31/31
  4547 | D        | Noticed a stone giant
  4547 | D        | Noticed a stone giant
  4547 | D        | Noticed a fire giant
  4575 | D        | Killed a fire giant
  4580 | D        | Killed a stone giant
  4588 | D        | Received a gift from Trog
  4593 | D        | Hit by a large rock thrown by a stone giant

Vault maps used:
D:        linesprint

Skill      XL: |  1  2  3  4  5  6  7  8  9 10 11 12 13 |
---------------+----------------------------------------+-----
Invocations    | 1 2 3 4 5 7 9 10 11 13 14 | 14.8
Short Blades   | 1 2 3 4 5 6 7 8 9 10 12 13 | 13.7
Long Blades    | 1 2 3 4 5 6 7 8 9 10 12 13 | 13.7
Axes           | 1 2 3 4 5 6 7 8 9 10 12 13 | 13.7
Maces & Flails | 1 2 3 4 5 6 7 8 9 10 12 13 | 13.7
Staves         | 1 2 3 4 5 6 7 8 9 10 12 13 | 13.7
Slings         | 1 2 3 4 5 6 7 8 9 10 12 13 | 13.7
Bows           | 1 2 3 4 5 6 7 8 9 10 12 13 | 13.7
Crossbows      | 1 2 3 4 5 6 7 8 9 10 12 13 | 13.7
Throwing       | 1 2 3 4 5 6 7 8 9 10 12 13 | 13.7
Stealth        | 1 2 3 4 5 6 7 8 9 10 12 13 | 13.7
Shields        | 1 2 3 4 5 6 7 8 9 10 12 13 | 13.7
Unarmed Combat | 1 2 3 4 5 6 7 8 9 10 12 13 | 13.7
Spellcasting   | 1 2 3 4 5 6 7 8 9 10 12 13 | 13.7
Evocations     | 1 2 3 4 5 6 7 8 9 10 12 13 | 13.7
Conjurations   | 1 2 3 4 5 6 7 9 10 11 | 11.8
Hexes          | 1 2 3 4 5 6 7 9 10 11 | 11.8
Charms         | 1 2 3 4 5 6 7 9 10 11 | 11.8
Summonings     | 1 2 3 4 5 6 7 9 10 11 | 11.8
Necromancy     | 1 2 3 4 5 6 7 9 10 11 | 11.8
Translocations | 1 2 3 4 5 6 7 9 10 11 | 11.8
Transmutations | 1 2 3 4 5 6 7 9 10 11 | 11.8
Fire Magic     | 1 2 3 4 5 6 7 9 10 11 | 11.8
Ice Magic      | 1 2 3 4 5 6 7 9 10 11 | 11.8
Air Magic      | 1 2 3 4 5 6 7 9 10 11 | 11.8
Earth Magic    | 1 2 3 4 5 6 7 9 10 11 | 11.8
Poison Magic   | 1 2 3 4 5 6 7 9 10 11 | 11.8
Fighting       | 7 8 9 10 11 12 13 14 | 14.9
Polearms       | 7 8 9 10 11 12 13 14 | 14.9
Armour         | 5 6 7 8 9 10 11 12 14 | 14.3
Dodging        | 5 6 7 8 9 10 11 12 14 | 14.3

Action                   |  1- 3 |  4- 6 |  7- 9 | 10-12 | 13-15 || total
-------------------------+-------+-------+-------+-------+-------++-------
Melee: Spear             |    30 |    11 |       |       |       ||    41
       Bite              |     5 |     3 |     5 |    81 |    64 ||   158
       Punch             |     1 |       |       |       |       ||     1
       Quarterstaff      |       |    19 |    38 |   355 |   253 ||   665
Invok: Berserk           |     1 |     2 |     1 |     8 |     6 ||    18
       Trog's Hand       |       |       |       |     4 |     2 ||     6
       Brothers in Arms  |       |       |       |     8 |     4 ||    12
Evoke: Wand              |       |       |       |     4 |     6 ||    10
  Use: Potion            |       |       |       |     2 |     2 ||     4
 Stab: Sleeping          |       |       |       |     1 |       ||     1
  Eat: Chunk             |       |       |     1 |    12 |     5 ||    18
       Ration            |       |       |       |     2 |     3 ||     5
Armor: Animal skin       |     1 |     1 |       |       |       ||     2
       Ring mail         |       |     3 |     5 |    33 |       ||    41
       Chain mail        |       |       |       |     6 |       ||     6
       Plate armour      |       |       |       |    56 |    79 ||   135
Dodge: Dodged            |    16 |     8 |    16 |   204 |   140 ||   384

Table legend:
 A = Spawn XP
 B = Non-spawn XP
 C = Spawn XP percentage of total XP
 D = Spawn monster count
 E = Non-spawn monster count
 F = Spawn count percentage of total count
 G = Total turns spent on level
                    A         B        C        D         E        F      G
               +---------+---------+-------+---------+---------+-------+---------
         Total |       0 |   58304 |   0.0 |       0 |     148 |   0.0 |  4593
               +---------+---------+-------+---------+---------+-------+---------
             D |       0 |   58304 |   0.0 |       0 |     148 |   0.0 |  4593
               +---------+---------+-------+---------+---------+-------+---------
